Description

6 adept pressure into phoenix harrass opening CIA mid-game into Skytoss late game

Build Order

Why is there no SALT encoding or Overwolf build?

    0:00  Action Standard 1 gate expand  
    0:01  Twilight Council (TC before warpgate)  
    3:35  Gateway x2  
    4:00  Assimilator x2  
    4:30  Stargate x2  
    4:35  Adept x3 +3 more just before engage  
    4:45  Nexus  
    4:50  Dark Shrine  
    6:30  Robotics Facility  
    6:32  Gateway x2  
    6:35  Forge  
    6:38  Charge  
    7:16  Immortal  
    7:20  Protoss Ground Weapons Level 1  
    7:30  Nexus  
    8:15  Templar Archives  
    9:00  Gateway x3  
    10:00  Fleet Beacon  
Spawning Tool Build Advisor. Get it on Overwolf

Analysis

VIBE PvZ - Adept pressure into Phoenix into CIA into Skytoss Adapted from Bronze to GM, Masters 3 to Masters 2

Game 1: standard 1 gate expand - stalker then adept x3 Twilight before warpgate w/ first 100 gas - glaives when done 2x Gates at 3:35 + 1 adept scout 3rd base 4:00 chrono glaives and take 2x gas 4:30 2x stargates + 3x adept warpin

Move out with 6 adepts, take 3rd base + dark shrine Just before engaging, 3x adept warpin at home (keep 1 to hold the wall) Constant phoenix and probe production during attack

6:00 2x robos + charge (at completion, go up to 4 immortals, then observer) Harrass with 4+ phoenix, rally new phoenix up to 10 7:30 4th base 8:45 6x gates + forge + templar archives (storm at completion)

11:00 Fleet beacon + Stargate + Air weapons

Game 2: standard 1 gate expand - adept x3 (scout w/ first) Twilight before warpgate w/ first 100 gas - glaives when done 2x Gates at 3:45 + 1 adept scout 3rd base 4:00 chrono glaives and take 2x gas 4:15 2x stargates + 3 adept warp in 4:40 3rd base, send 6 adepts to pressure 5:00 2x gas 3x adept warpin as about to engage Constant phoenix and probe production during attack 6:30 Forge, Charge, 2x Gate, Robo @100% Robo: immortal + ground attack 7:30 4th base and harrass w/ 8 phoenix (max) 8:15 Templar Archives 9:00 3x Gate + Robo 10:00 Fleat Beacon

Go to:

Details

  • Created by: ecnunn
  • Published on: May 21, 2020
  • Modified on: May 21, 2020
  • Patch: 4.11.0
Show

Export as new Build Order

Comments (0)

There are no comments. Be the first!

Create an account to comment!